Description

B2GM Practice

VOD

https://www.youtube.com/watch?v=80AdFf2cAa8

Replay - b2gm Bronze 1 - TvP - Game 1

Build Order

Get SALT Encoding   

  12  0:00  SCV  
  13  0:12  SCV  
  14  0:18  Supply Depot  
  14  0:24  SCV  
  15  0:39  SCV  
  16  0:46  Barracks  
  16  0:52  SCV  
  16  0:56  Refinery  
  17  1:04  SCV  
  18  1:16  SCV  
  19  1:28  SCV  
  20  1:37  Marine  
  21  1:41  Orbital Command  
  21  1:52  Command Center  
  21  1:55  Marine  
  22  2:07  SCV  
  23  2:13  Marine  
  23  2:30  Supply Depot  
  23  2:43  Supply Depot  
  23  2:47  Factory  
  23  2:51  Marine  
  23  2:52  SCV  
  25  3:02  Refinery  
  25  3:05  Orbital Command  
  26  3:11  Barracks Reactor  
  29  3:35  Factory Tech Lab  
  29  3:39  Barracks  
  31  3:48  Marine x2  
  34  3:57  Supply Depot, Siege Tank  
  38  4:06  Marine x2  
  44  4:24  Marine x2  
  44  4:25  Barracks Tech Lab  
  44  4:29  Starport, Siege Tank  
  51  4:47  Supply Depot  
  55  4:57  Orbital Command  
  55  5:07  Starport Reactor  
  60  5:46  Stimpack, Command Center  
  60  5:49  Siege Tank  
  68  5:50  Medivac x2  
  72  5:58  Refinery x2  
  78  6:29  Medivac x2  
  85  6:39  Barracks x4  
  85  6:59  Orbital Command  
  91  7:18  Engineering Bay x2  
  93  7:32  Barracks Reactor x4  
  96  7:38  Medivac x2  
  96  7:42  Combat Shield  
  103  7:52  Terran Infantry Weapons Level 1  
  103  7:53  Terran Infantry Armor Level 1  
  106  8:31  Refinery x2  
  106  8:33  Command Center  
  113  8:37  Medivac x2  
  121  8:55  Armory  
  155  9:58  Medivac x2  
  170  10:00  Terran Infantry Weapons Level 2  
  170  10:01  Terran Infantry Armor Level 2  
  170  10:03  Terran Vehicle Weapons Level 1  
  171  10:10  Planetary Fortress  
  176  10:22  Command Center  
  198  11:11  Missile Turret x2  
  198  11:19  Missile Turret  
  197  11:27  Missile Turret x2  
  196  12:00  Planetary Fortress  
  199  12:15  Command Center  
  199  12:30  Terran Infantry Armor Level 3, Terran Infantry Weapons Level 3  
  199  12:32  Terran Vehicle Weapons Level 2  
  199  12:46  Barracks x4  
  199  12:58  Starport  
  199  13:29  Missile Turret  
  200  13:50  Barracks Tech Lab x4  
  200  13:54  Barracks Reactor x5  
  198  13:55  Command Center  
  198  13:57  Starport Reactor  
  195  14:20  Planetary Fortress  
  174  14:31  Concussive Shells  
  174  14:34  Marauder x5  
  189  14:55  Marauder x3  
  198  15:08  Missile Turret  
  197  15:16  Planetary Fortress  
  199  15:35  Command Center  
Spawning Tool Build Advisor. Get it on Overwolf

Go to:

Details

  • Created by: TecCa
  • Published on: Mar 17, 2021
  • Modified on: Mar 17, 2021
  • Patch: 4.11.0
  • Difficulty: Easy
Show
View Real Time Build Order
Export as new Build Order

Comments (0)

There are no comments. Be the first!

Create an account to comment!